TOP OF THE 1ST |
Tijuana Toros batting - Pitching for Portland Angels : RHP William Flannigan
|
Pitching: RHP William Flannigan
|
|
Batting: RHB Guillermo Puente
|
0-0: Called Strike 0-1: Called Strike 0-2: Ball 1-2: Fly out, F8 (Flyball, 8RS, EV 90.0 MPH)
|
Batting: RHB Guo Kwok
|
0-0: Ball 1-0: Ball 2-0: Ball 3-0: Called Strike 3-1: Base on Balls
|
Batting: RHB Jerry Afghani
|
0-0: Ball 1-0: Called Strike 1-1: Called Strike 1-2: Strikes out swinging
|
Batting: LHB Jose Diaz
|
0-0: 2-RUN HOME RUN (Flyball, 89XD, EV 102.5 MPH), Distance : 415 ft
|
Batting: RHB Shiki Nomoto
|
0-0: Called Strike 0-1: Ball 1-1: SINGLE (Line Drive, 7LS, EV 105.0 MPH)
|
Batting: RHB Jesus Herrera
|
0-0: Ball 1-0: Ball 2-0: Foul Ball, location: 2F 2-1: Fly out, F9 (Flyball, 9D, EV 91.2 MPH)
|
Top of the 1st over - 2 runs, 2 hits, 0 errors, 1 left on base; Tijuana 2 - Portland 0 |
BOTTOM OF THE 1ST |
Portland Angels batting - Pitching for Tijuana Toros : LHP Mark Mullin
|
Pitching: LHP Mark Mullin
|
|
Batting: RHB Jose Garduno
|
0-0: Called Strike 0-1: Ball 1-1: Called Strike 1-2: Ball 2-2: Ground out U3 (Groundball, 34S, EV 88.1 MPH)
|
Batting: RHB Ken Beck
|
0-0: Ball 1-0: Ball 2-0: Called Strike 2-1: SOLO HOME RUN (Flyball, 78XD, EV 103.8 MPH), Distance : 407 ft
|
Batting: RHB Alex Rosaly
|
0-0: Called Strike 0-1: SINGLE (Groundball, 6D, EV 101.2 MPH)
|
Batting: RHB Mario Martinez
|
0-0: Ball 1-0: Called Strike 1-1: Foul Ball, location: 2F 1-2: Fielders Choice at 2nd, 4-6 (Groundball, 34, EV 100.6 MPH)
|
Batting: RHB Jayden Hollaway
|
0-0: Ball 1-0: Called Strike 1-1: Ball 2-1: Foul Ball, location: 2F 2-2: Ground out U3 (Groundball, 3, EV 88.1 MPH)
|
Bottom of the 1st over - 1 run, 2 hits, 0 errors, 1 left on base; Tijuana 2 - Portland 1 |
TOP OF THE 2ND |
Tijuana Toros batting - Pitching for Portland Angels : RHP William Flannigan
|
Batting: RHB Tan-ming Kwan
|
0-0: Foul Ball, location: 2F 0-1: Ball 1-1: Ball 2-1: SOLO HOME RUN (Flyball, 7D, EV 95.0 MPH), Distance : 359 ft
|
Batting: RHB Tony Vasquez
|
0-0: Called Strike 0-1: Ball 1-1: Ball 2-1: Ball 3-1: Fly out, F9 (Flyball, 89M, EV 85.0 MPH)
|
Batting: RHB Clay Holgate
|
0-0: Swinging Strike 0-1: Foul Ball, location: 2F 0-2: Ball 1-2: Foul Ball, location: 2F 1-2: Ball 2-2: Ball 3-2: Strikes out swinging
|
Batting: RHB Guillermo Puente
|
0-0: Ball 1-0: Foul Ball, location: 2F 1-1: Foul Ball, location: 2F 1-2: Foul Ball, location: 2F 1-2: Fly out, F4 (Line Drive, 4, EV 66.2 MPH)
|
Top of the 2nd over - 1 run, 1 hit, 0 errors, 0 left on base; Tijuana 3 - Portland 1 |
BOTTOM OF THE 2ND |
Portland Angels batting - Pitching for Tijuana Toros : LHP Mark Mullin
|
Batting: LHB John Harvey
|
0-0: Called Strike 0-1: Ball 1-1: Fly out, F6 (Popup, 15S, EV 86.9 MPH)
|
Batting: RHB Dan Contreras
|
0-0: Ground out 5-3 (Groundball, 56, EV 101.2 MPH)
|
Batting: RHB Bob Dewar
|
0-0: Ball 1-0: Called Strike 1-1: Fly out, F8 (Flyball, 8LM, EV 89.4 MPH)
|
Bottom of the 2nd over - 0 runs, 0 hits, 0 errors, 0 left on base; Tijuana 3 - Portland 1 |
TOP OF THE 3RD |
Tijuana Toros batting - Pitching for Portland Angels : RHP William Flannigan
|
Batting: RHB Guo Kwok
|
0-0: Ball 1-0: Called Strike 1-1: Ball 2-1: Ball 3-1: Called Strike 3-2: Ground out 1-3 (Groundball, 15S, EV 66.2 MPH)
|
Batting: RHB Jerry Afghani
|
0-0: Swinging Strike 0-1: Foul Ball, location: 2F 0-2: Ball 1-2: SINGLE (Groundball, 34D, EV 95.6 MPH)
|
Batting: LHB Jose Diaz
|
0-0: Called Strike 0-1: Fly out, F7 (Flyball, 7LM, EV 93.8 MPH)
|
Batting: RHB Shiki Nomoto
|
0-0: Called Strike 0-1: Ball 1-1: Swinging Strike 1-2: Ball Jerry Afghani is caught stealing 2nd base 2-4
|
Top of the 3rd over - 0 runs, 1 hit, 0 errors, 0 left on base; Tijuana 3 - Portland 1 |
BOTTOM OF THE 3RD |
Portland Angels batting - Pitching for Tijuana Toros : LHP Mark Mullin
|
Batting: LHB Matt Herndon
|
0-0: Foul Ball, location: 2F 0-1: Foul Ball, location: 2F 0-2: Ball 1-2: Ball 2-2: Strikes out swinging, 2-3 out at first.
|
Batting: RHB Jose Garduno
|
0-0: Called Strike 0-1: Fly out, F9 (Flyball, 9LS, EV 91.2 MPH)
|
Batting: RHB Ken Beck
|
0-0: Called Strike 0-1: Ball 1-1: Swinging Strike 1-2: Strikes out swinging
|
Bottom of the 3rd over - 0 runs, 0 hits, 0 errors, 0 left on base; Tijuana 3 - Portland 1 |
TOP OF THE 4TH |
Tijuana Toros batting - Pitching for Portland Angels : RHP William Flannigan
|
Batting: RHB Shiki Nomoto
|
0-0: Called Strike 0-1: Ball 1-1: Swinging Strike 1-2: Fly out, F8 (Flyball, 8LXD, EV 98.1 MPH)
|
Batting: RHB Jesus Herrera
|
0-0: Ball 1-0: Ball 2-0: Called Strike 2-1: Foul Ball, location: 2F 2-2: Strikes out swinging
|
Batting: RHB Tan-ming Kwan
|
0-0: Called Strike 0-1: Ball 1-1: Ball 2-1: Ball 3-1: Base on Balls
|
Batting: RHB Tony Vasquez
|
0-0: Ball 1-0: DOUBLE (Line Drive, 89M, EV 108.8 MPH) Tan-ming Kwan to third Runner from 3rd tries for Home, SAFE, throw by RF to home
|
Batting: RHB Clay Holgate
|
0-0: Ball Wild Pitch! Tony Vasquez to third 1-0: Ground out 3-1 (Groundball, 34D, EV 101.2 MPH)
|
Top of the 4th over - 1 run, 1 hit, 0 errors, 1 left on base; Tijuana 4 - Portland 1 |
BOTTOM OF THE 4TH |
Portland Angels batting - Pitching for Tijuana Toros : LHP Mark Mullin
|
Batting: RHB Alex Rosaly
|
0-0: Foul Ball, location: 2F 0-1: Called Strike 0-2: SINGLE (Groundball, 56, EV 104.4 MPH)
|
Batting: RHB Mario Martinez
|
0-0: Called Strike 0-1: Ball 1-1: Foul Ball, location: 2F 1-2: Ball 2-2: Ball 3-2: Foul Ball, location: 2F 3-2: Fly out, F8 (Flyball, 8RM, EV 87.5 MPH)
|
Batting: RHB Jayden Hollaway
|
0-0: Called Strike 0-1: Ball 1-1: Foul Ball, location: 2F 1-2: Strikes out swinging
|
Batting: LHB John Harvey
|
0-0: Ball 1-0: Ball 2-0: Called Strike 2-1: Foul Ball, location: 2F 2-2: Foul Ball, location: 2F 2-2: Foul Ball, location: 2F 2-2: Strikes out swinging
|
Bottom of the 4th over - 0 runs, 1 hit, 0 errors, 1 left on base; Tijuana 4 - Portland 1 |
TOP OF THE 5TH |
Tijuana Toros batting - Pitching for Portland Angels : RHP William Flannigan
|
Pitching: RHP Wen Sun
|
|
Batting: RHB Guillermo Puente
|
0-0: Foul Ball, location: 2F 0-1: Ball 1-1: Ground out 5-3 (Groundball, 56, EV 88.8 MPH)
|
Batting: RHB Guo Kwok
|
0-0: Swinging Strike 0-1: Ball 1-1: Fly out, F9 (Flyball, 9D, EV 97.5 MPH)
|
Batting: RHB Jerry Afghani
|
0-0: Ball 1-0: Ball 2-0: Ground out 2-3 (Groundball, 2L, EV 66.9 MPH)
|
Top of the 5th over - 0 runs, 0 hits, 0 errors, 0 left on base; Tijuana 4 - Portland 1 |
BOTTOM OF THE 5TH |
Portland Angels batting - Pitching for Tijuana Toros : LHP Mark Mullin
|
Batting: RHB Dan Contreras
|
0-0: Ground out 5-3 (Groundball, 15, EV 77.5 MPH)
|
Batting: RHB Bob Dewar
|
0-0: Fly out, F4 (Popup, 4M, EV 75.6 MPH)
|
Batting: LHB Matt Herndon
|
0-0: Swinging Strike 0-1: Ground out 3-1 (Groundball, 34, EV 80.0 MPH)
|
Bottom of the 5th over - 0 runs, 0 hits, 0 errors, 0 left on base; Tijuana 4 - Portland 1 |
TOP OF THE 6TH |
Tijuana Toros batting - Pitching for Portland Angels : RHP Wen Sun
|
Batting: LHB Jose Diaz
|
0-0: Ball 1-0: Ball 2-0: Swinging Strike 2-1: Called Strike 2-2: Foul Ball, location: 2F 2-2: SINGLE (Line Drive, 4D, EV 95.6 MPH)
|
Batting: RHB Shiki Nomoto
|
0-0: Called Strike 0-1: Ball 1-1: Swinging Strike 1-2: Ball 2-2: Foul Ball, location: 2F 2-2: Foul Ball, location: 2F 2-2: SINGLE (Groundball, 56D, EV 101.9 MPH) Jose Diaz to second
|
Batting: RHB Jesus Herrera
|
0-0: Called Strike 0-1: Ball 1-1: 3-RUN HOME RUN (Flyball, 78XD, EV 113.8 MPH), Distance : 443 ft
|
Pitching: RHP Austin Raymond
|
|
Batting: RHB Tan-ming Kwan
|
0-0: Foul Ball, location: 2F 0-1: Called Strike 0-2: Ball 1-2: Ball 2-2: Ground out U3 (Groundball, 34, EV 86.2 MPH)
|
Batting: RHB Tony Vasquez
|
0-0: Ball 1-0: Called Strike 1-1: Ball 2-1: Ball 3-1: Fly out, F9 (Flyball, 89M, EV 85.0 MPH)
|
Batting: RHB Djoka Subasic
|
0-0: Ball 1-0: Called Strike 1-1: Ball 2-1: Ball 3-1: Base on Balls
|
Batting: RHB Guillermo Puente
|
0-0: Called Strike 0-1: Foul Ball, location: 2F 0-2: Ball 1-2: Ball 2-2: Foul Ball, location: 2F 2-2: Ball 3-2: SINGLE (Groundball, 6MD, EV 105.0 MPH) Djoka Subasic to second Djoka Subasic to third
|
Batting: RHB Guo Kwok
|
0-0: Fielders Choice at 2nd, 6-4 (Groundball, 6, EV 83.8 MPH)
|
Top of the 6th over - 3 runs, 4 hits, 0 errors, 2 left on base; Tijuana 7 - Portland 1 |
BOTTOM OF THE 6TH |
Portland Angels batting - Pitching for Tijuana Toros : LHP Mark Mullin
|
Batting: RHB Jose Garduno
|
0-0: Swinging Strike 0-1: Called Strike 0-2: Strikes out looking
|
Batting: RHB Ken Beck
|
0-0: Called Strike 0-1: Foul Ball, location: 2F 0-2: Strikes out looking
|
Batting: RHB Alex Rosaly
|
0-0: Ball 1-0: SINGLE (Groundball, 56D, EV 106.9 MPH)
|
Batting: RHB Mario Martinez
|
0-0: Foul Ball, location: 2F 0-1: Foul Ball, location: 2F 0-2: Ball 1-2: Foul Ball, location: 2F 1-2: Strikes out swinging
|
Bottom of the 6th over - 0 runs, 1 hit, 0 errors, 1 left on base; Tijuana 7 - Portland 1 |
TOP OF THE 7TH |
Tijuana Toros batting - Pitching for Portland Angels : RHP Austin Raymond
|
Batting: RHB Jerry Afghani
|
0-0: Called Strike 0-1: Called Strike 0-2: Ball 1-2: Foul Ball, location: 2F 1-2: Strikes out looking
|
Batting: LHB Jose Diaz
|
0-0: Ball 1-0: Ball 2-0: SINGLE (Groundball, 34D, EV 106.9 MPH)
|
Batting: RHB Shiki Nomoto
|
0-0: Ball 1-0: Called Strike 1-1: Foul Ball, location: 2F 1-2: Ball 2-2: Ball 3-2: SINGLE (Flyball, 89S, EV 98.1 MPH) Jose Diaz to second
|
Batting: RHB Jesus Herrera
|
0-0: Ball 1-0: Ball 2-0: Foul Ball, location: 2F 2-1: Reached on error, E6 (Groundball, 6, EV 80.6 MPH) Jose Diaz to third Shiki Nomoto to second
|
Batting: RHB Tan-ming Kwan
|
0-0: Ball 1-0: Called Strike 1-1: Foul Ball, location: 2F 1-2: Foul Ball, location: 2F 1-2: Ball 2-2: Foul Ball, location: 2F 2-2: SINGLE (Groundball, 25, EV 66.9 MPH) (infield hit) Jose Diaz scores Shiki Nomoto to third Jesus Herrera to second
|
Pitching: RHP John Martin
|
|
Batting: RHB Tony Vasquez
|
0-0: Foul Ball, location: 2F 0-1: Swinging Strike 0-2: Ball 1-2: Strikes out swinging
|
Batting: RHB Djoka Subasic
|
0-0: Swinging Strike 0-1: Called Strike 0-2: Ball 1-2: Foul Ball, location: 2F 1-2: Fly out, F7 (Flyball, 7, EV 98.8 MPH)
|
Top of the 7th over - 1 run, 3 hits, 1 error, 3 left on base; Tijuana 8 - Portland 1 |
BOTTOM OF THE 7TH |
Portland Angels batting - Pitching for Tijuana Toros : LHP Mark Mullin
|
Batting: RHB Jayden Hollaway
|
0-0: Ball 1-0: Ball 2-0: Fly out, F8 (Flyball, 8RM, EV 79.4 MPH)
|
Batting: LHB John Harvey
|
0-0: Called Strike 0-1: DOUBLE (Flyball, 8LD, EV 94.4 MPH)
|
Batting: RHB Dan Contreras
|
0-0: Ball 1-0: Called Strike 1-1: Ball 2-1: Ball 3-1: Base on Balls
|
Batting: RHB Bob Dewar
|
0-0: Foul Ball, location: 2F 0-1: Ball 1-1: Swinging Strike 1-2: Strikes out swinging
|
Batting: LHB Matt Herndon
|
0-0: Ball 1-0: Ball 2-0: Foul Ball, location: 2F 2-1: Fly out, F9 (Flyball, 9D, EV 94.4 MPH)
|
Bottom of the 7th over - 0 runs, 1 hit, 0 errors, 2 left on base; Tijuana 8 - Portland 1 |
TOP OF THE 8TH |
Tijuana Toros batting - Pitching for Portland Angels : RHP John Martin
|
Batting: RHB Guillermo Puente
|
0-0: Ball 1-0: Ball 2-0: Foul Ball, location: 2F 2-1: Foul Ball, location: 2F 2-2: Ball 3-2: Strikes out swinging
|
Batting: RHB Guo Kwok
|
0-0: SINGLE (Groundball, 56D, EV 110.6 MPH)
|
Pinch Hitting: SHB Luis Diaz
|
0-0: Ball 1-0: Called Strike 1-1: Fly out, F9 (Line Drive, 9, EV 95.6 MPH)
|
Batting: LHB Jose Diaz
|
0-0: Fly out, F7 (Flyball, 7, EV 86.2 MPH)
|
Top of the 8th over - 0 runs, 1 hit, 0 errors, 1 left on base; Tijuana 8 - Portland 1 |
BOTTOM OF THE 8TH |
Portland Angels batting - Pitching for Tijuana Toros : LHP Mark Mullin
|
Now in LF: Luis Diaz
|
|
Pinch Hitting: RHB John Granter
|
0-0: Called Strike 0-1: Swinging Strike 0-2: Strikes out swinging
|
Pinch Hitting: LHB Jon Rahn
|
0-0: Ball 1-0: Called Strike 1-1: Called Strike 1-2: Strikes out swinging
|
Pinch Hitting: RHB Brett Wilk
|
0-0: Ball 1-0: Foul Ball, location: 2F 1-1: Swinging Strike 1-2: Strikes out swinging
|
Bottom of the 8th over - 0 runs, 0 hits, 0 errors, 0 left on base; Tijuana 8 - Portland 1 |
TOP OF THE 9TH |
Tijuana Toros batting - Pitching for Portland Angels : RHP John Martin
|
Now at 1B: Jon Rahn
|
|
Now at 2B: Eric Hays
|
|
Now in CF: Miguel Hernandez
|
|
Batting: RHB Shiki Nomoto
|
0-0: Ball 1-0: Ball 2-0: Swinging Strike 2-1: Ball 3-1: SOLO HOME RUN (Flyball, 7D, EV 96.9 MPH), Distance : 362 ft
|
Batting: RHB Jesus Herrera
|
0-0: Called Strike 0-1: Ball 1-1: Ball 2-1: Ball 3-1: SINGLE (Groundball, 6D, EV 97.5 MPH)
|
Batting: RHB Tan-ming Kwan
|
0-0: Ball 1-0: Ball 2-0: Foul Ball, location: 2F 2-1: SINGLE (Flyball, 78S, EV 88.8 MPH) Jesus Herrera to second
|
Batting: RHB Tony Vasquez
|
0-0: Called Strike 0-1: Ball 1-1: Foul Ball, location: 2F 1-2: Ball 2-2: Strikes out looking
|
Batting: RHB Djoka Subasic
|
0-0: Ball 1-0: Called Strike 1-1: Ball 2-1: Ball 3-1: Called Strike 3-2: Foul Ball, location: 2F 3-2: Strikes out swinging
|
Batting: RHB Guillermo Puente
|
0-0: Foul Ball, location: 2F 0-1: Ball 1-1: Foul Ball, location: 2F 1-2: Ball 2-2: Strikes out swinging
|
Top of the 9th over - 1 run, 3 hits, 0 errors, 2 left on base; Tijuana 9 - Portland 1 |
BOTTOM OF THE 9TH |
Portland Angels batting - Pitching for Tijuana Toros : LHP Mark Mullin
|
Batting: RHB Mario Martinez
|
0-0: Ball 1-0: Swinging Strike 1-1: Ball 2-1: Foul Ball, location: 2F 2-2: Fly out, F7 (Flyball, 7, EV 95.6 MPH)
|
Batting: RHB Jayden Hollaway
|
0-0: Ball 1-0: SINGLE (Line Drive, 7S, EV 103.1 MPH)
|
Pinch Hitting: RHB Joe Keough
|
0-0: Ball 1-0: Ball 2-0: DOUBLE (Line Drive, 78D, EV 101.2 MPH) Jayden Hollaway to third
|
Batting: RHB Dan Contreras
|
0-0: Ball 1-0: Ground out 6-3 (Groundball, 6, EV 103.8 MPH) Jayden Hollaway scores
|
Pinch Hitting: RHB Esteban Rangel
|
0-0: Swinging Strike 0-1: Foul Ball, location: 2F 0-2: Ball 1-2: Strikes out swinging
|
Bottom of the 9th over - 1 run, 2 hits, 0 errors, 1 left on base; Tijuana 9 - Portland 2 |
|